Map: Ever Dream LE

Players

Subang

  • Race: Zerg Zerg
  • League: Platinum
  • Spawn Location: 1:00

A.I. 1 (Very Easy) - Winner!

  • Race: Terran Terran
  • Spawn Location: 7:00

VOD

Have the link to the VOD?

Description

Time

  • Played on: June 24, 2020, 11:33 p.m.
  • Length: 3:27
Show
View Real Time Build Order
Export as new Build Order

Subang Zerg 

Build Orders: Hatch First 

Get SALT Encoding   

  12  0:01  Drone  
  13  0:13  Overlord  
  13  0:16  Drone  
  14  0:31  Drone x2  
  16  0:50  Hatchery  
  16  0:53  Drone  
  16  0:57  Drone  
  16  1:02  Drone  
  18  1:11  Extractor  
  18  1:16  Spawning Pool  
  16  1:20  Drone  
  16  1:22  Drone  
  18  1:28  Drone  
  19  1:44  Drone  
  20  1:53  Overlord  
  20  2:07  Queen  
  22  2:12  Hatchery  
  22  2:15  Queen  
  21  2:20  Zergling x2  
  25  2:22  Zergling x2  
  25  2:28  Drone x2  
  27  2:33  Drone  
  28  2:41  Drone  
  28  2:42  Drone  
  30  2:48  Overlord  
  34  3:06  Drone  
  34  3:08  Drone  
  34  3:10  Drone  
Show
View Real Time Build Order
Export as new Build Order

A.I. 1 (Very Easy) Terran - Winner!

Build Orders:  

Get SALT Encoding   

  12  0:00  SCV  
  13  0:13  SCV  
  14  0:18  Supply Depot  
  14  0:37  Refinery  
  14  0:42  Barracks  
  14  1:05  Supply Depot  
  14  1:12  Refinery  
  14  1:29  Barracks Tech Lab  
  14  1:30  Orbital Command  
  14  1:47  Marine  
  15  1:56  SCV  
  16  2:08  SCV  
  17  2:20  SCV  
  18  2:32  Marine, SCV  
  20  2:45  SCV  
  21  2:57  SCV  
Tags
 
League
Platinum
Matchup
TvZ
Spawn Locations
Cross Positions
Add a new tag
Caveats
  • Supply blocks, unpowered buildings, or Contaminate may cause inaccurate times.
  • Supply counts are checked every 10 seconds.